 Dungeon Crawl Stone Soup version 0.29.1-15-g9cfb28693d (webtiles) character file.

Game seed: 15142192220626723840

291 Silvore the Covered (level 6, -12/53 HPs)
             Began as a Minotaur Fighter on May 2, 2023.
             Engulfed by a cloud of freezing vapour (17 damage)
             ... on level 5 of the Dungeon.
             The game lasted 00:06:28 (3931 turns).

Silvore the Covered (Minotaur Fighter)              Turns: 3931, Time: 00:06:29

Health: -12/53     AC: 11    Str: 22    XL:     6   Next: 10%
Magic:  5/5        EV:  7    Int:  5    God:
Gold:   309        SH:  4    Dex: 10    Spells: 5/5 levels left

rFire   . . .      SeeInvis .   a - +1 long sword (drain)
rCold   . . .      Faith    .   c - +0 buckler
rNeg    . . .      Spirit   .   h - +1 chain mail
rPois   .          Reflect  .   (helmet restricted)
rElec   .          Harm     .   (no cloak)
rCorr   .          Rampage  .   (no gloves)
Will    .....                   (no boots)
Stlth   ..........              (no amulet)
HPRegen 0.17/turn               (no ring)
MPRegen 0.09/turn               (no ring)

@: about to teleport
A: horns 2, retaliatory headbutt
a: no special abilities


You were on level 5 of the Dungeon.
You visited 1 branch of the dungeon, and saw 5 of its levels.

You collected 309 gold pieces.

Inventory:

Hand Weapons
 a - a +1 long sword of draining (weapon)
 t - a +0 flail
Armour
 b - a +0 scale mail
 c - a +0 buckler (worn)
 h - a +1 chain mail (worn)
Scrolls
 g - a scroll of amnesia
 l - 2 scrolls of fear
 m - 2 scrolls of teleportation
 p - a scroll of butterflies
 r - a scroll of blinking
 s - 3 scrolls of enchant weapon
Potions
 d - 2 potions of might
 e - 2 potions of berserk rage
 f - 5 potions of curing
 i - a potion of mutation
 j - 2 potions of haste
 k - a potion of attraction
 n - 3 potions of magic
 q - 2 potions of brilliance


   Skills:
 + Level 4.5 Fighting
 + Level 4.8 Long Blades
 + Level 5.6 Armour
 + Level 0.7 Dodging
 + Level 4.7 Shields


You had 5 spell levels left.
You didn't know any spells.
Your spell library contained the following spells:

 Spells                   Type           Power      Damage    Failure   Level
 Magic Dart               Conj           0%         1d3       99%         1
 Ensorcelled Hibernation  Hex/Ice        0%         N/A       100%        2
 Passwall                 Tmut/Erth      0%         N/A       100%        2
 Searing Ray              Conj           0%         2d4       100%        2
 Gell's Gravitas          Tloc           0%         N/A       100%        3
 Ignite Poison            Fire/Tmut/Pois 0%         N/A       100%        3
 Mephitic Cloud           Conj/Pois/Air  0%         N/A       100%        3
 Swiftness                Air            0%         N/A       100%        3
 Teleport Other           Tloc           0%         N/A       100%        3
 Cause Fear               Hex            0%         N/A       100%        4
 Fulminant Prism          Conj/Hex       0%         3d6       100%        4
 Iskenderun's Mystic Bla  Conj/Tloc      0%         2d3       100%        4
 Freezing Cloud           Conj/Ice/Air   0%         6-21      100%        5
 Lee's Rapid Deconstruct  Erth           0%         3d5*      100%        5
 Dispersal                Tloc           0%         N/A       100%        6
 Dragon Form              Tmut           0%         N/A       100%        7
 Dragon's Call            Summ           0%         N/A       100%        9


Dungeon Overview and Level Annotations

Branches:
Dungeon (5/15)
 Temple: D:4-7

Altars:
Dithmenos
Fedhas
Qazlal
Yredelemnul


Innate Abilities, Weirdness & Mutations

You have a pair of horns on your head.
You reflexively headbutt those who attack you in melee.


Message History

The iguana bites you.
You barely miss the iguana.
The iguana is severely wounded.
The iguana bites you but does no damage.
You hit the iguana but do no damage. Your headbutt misses the iguana.
The iguana is severely wounded.
The iguana bites you but does no damage.
The iguana closely misses you.
You hit the iguana. You headbutt the iguana.
You kill the iguana!
You have reached level 6!
You open the door.
There is an open door here.
Press: ? - help, v - describe, . - travel The floor.
Really walk into a travel-excluded area?
You are engulfed in freezing vapours.
Blink to where?
Press: ? - help, Dir - move target, f - you
Okay, then.
Really walk into a travel-excluded area?
There is an open door here.
Really walk into a travel-excluded area?
There is an open door here.
You start resting.
HP restored.
Really walk into a travel-excluded area?
Uppercase [Y]es or [N]o only, please.
Really walk into a travel-excluded area?
Uppercase [Y]es or [N]o only, please.
Really walk into a travel-excluded area?
You are engulfed in freezing vapours.
You are engulfed in freezing vapours.
* * * LOW HITPOINT WARNING * * *
You feel much better.
You are engulfed in freezing vapours.
* * * LOW HITPOINT WARNING * * *
Okay, then.
As you read the scroll of teleportation, it crumbles to dust.
You feel strangely unstable.
You are engulfed in freezing vapours.
You die...

#.##?#.'.#####.#
##.##!#.### #
....#$#○##
###.#|#○##
#.#.#○##
###.#.#○##
....#.#○## .#
##..#.#○## .#
#..#.#@## .#
#..#.#○## .#
#..#.#.## .# #
#..#○#.##
.####..#
#..#○#.##
.......#
#..#○#.## ..# ..
....#.#.## .##
.# ###.#○#.#.
.##..#..


There were no monsters in sight!

Vanquished Creatures
  An ice beast (D:5)
  A necrophage (D:5)
  An iguana (D:5)
  An adder (D:4)
  A white imp (D:5)
  A worm (D:2)
  4 dart slugs
  4 orcs (D:4)
  7 ball pythons
  7 endoplasms
  3 giant cockroaches
  8 goblins
  7 hobgoblins
  7 jackals
  3 quokkas
  6 bats
  3 frilled lizards
  3 kobolds
  6 rats
74 creatures vanquished.

Notes
Turn   | Place    | Note
-------+----------+-------------------------------------------
     0 | D:1      | Silvore the Minotaur Fighter began the quest for the Orb.
     0 | D:1      | Reached XP level 1. HP: 19/19 MP: 0/0
   175 | D:1      | Reached XP level 2. HP: 26/27 MP: 1/1
   538 | D:1      | Reached skill level 4 in Armour
   639 | D:1      | Reached XP level 3. HP: 33/33 MP: 2/2
  1256 | D:2      | Found a basalt altar of Yredelemnul.
  1834 | D:2      | Found a faded altar of an unknown god.
  2309 | D:3      | Found a blossoming altar of Fedhas.
  2393 | D:3      | Reached XP level 4. HP: 40/40 MP: 3/3
  2915 | D:4      | Found a stormy altar of Qazlal.
  3408 | D:5      | Entered Level 5 of the Dungeon
  3468 | D:5      | Found a shadowy altar of Dithmenos.
  3468 | D:5      | Noticed an ice beast
  3481 | D:5      | Killed an ice beast
  3482 | D:5      | Reached skill level 5 in Armour
  3482 | D:5      | Reached XP level 5. HP: 47/47 MP: 4/4
  3830 | D:5      | Reached XP level 6. HP: 47/53 MP: 5/5
  3931 | D:5      | Engulfed by a cloud of freezing vapour

Illustrated notes

Levels and vault maps discovered:
D:1:      amcnicky_arrival_flooded_fountain, layout_basic,
          minmay_misc_feat_plants
D:2:      layout_basic, ebering_ecumenical_altar_rust, basic_altar,
          corexii_leaking_fountain
D:3:      layout_basic, fedhas_ov_isle_minmay
D:4:      layout_basic, nicolae_overflow_crystal_walls
D:5:      lemuel_ice_spiral_2, layout_basic, nicolae_dithmenos_shadow_blocks

Skill      XL: |  1  2  3  4 |
---------------+-------------+-----
Fighting       | 4 |  4.5
Shields        | 4 |  4.7
Armour         | 4 5 |  5.6
Long Blades    | 3 4 |  4.8
Dodging        | |  0.7

Action                   |  1- 3 |  4- 6 || total
-------------------------+-------+-------++-------
Melee: Long sword        |   140 |    61 ||   201
       Headbutt          |    18 |     5 ||    23
  Use: Scroll            |    13 |     7 ||    20
       Potion            |       |     3 ||     3
Armor: Scale mail        |    41 |       ||    41
       Chain mail        |    53 |    37 ||    90
Dodge: Dodged            |    70 |    28 ||    98
Block: Buckler           |    36 |     6 ||    42
